 Dungeon Crawl Stone Soup version 0.28.0-43-g3370ac3207 (webtiles) character file.

Game seed: 927904372610702443

44 jimonade the Magician (level 3, 0/25 HPs)
             Began as a Gnoll Wanderer on Mar 13, 2022.
             Slain by a worm (8 damage)
             ... on level 1 of the Dungeon.
             The game lasted 00:07:37 (3572 turns).

jimonade the Magician (Gnoll Wanderer)              Turns: 3572, Time: 00:07:38

Health: 0/25       AC:  4    Str: 15    XL:     3   Next: 60%
Magic:  11/11      EV: 12    Int:  9    God:
Gold:   47         SH:  3    Dex: 11    Spells: 15/16 levels left

rFire   . . .      SeeInvis .   a - +0 club
rCold   . . .      Faith    .   l - +0 buckler
rNeg    . . .      Spirit   .   c - +0 leather armour
rPois   .          Reflect  .   (no helmet)
rElec   .          Harm     .   (no cloak)
rCorr   .          Rampage  .   g - +0 pair of gloves
Will    .....                   (no boots)
Stlth   +.........              (no amulet)
HPRegen 0.08/turn               (no ring)
MPRegen 0.12/turn               (no ring)

@: no status effects
A: fangs 1, strong nose, distributed training
a: no special abilities


You were on level 1 of the Dungeon.
You visited 1 branch of the dungeon, and saw 2 of its levels.

You collected 47 gold pieces.

Inventory:

Hand Weapons
 a - a +0 club (weapon)
 m - a +0 hunting sling
Missiles
 b - 32 stones
 i - 30 sling bullets
 k - 5 poisoned darts
Armour
 c - a +0 leather armour (worn)
 g - a +0 pair of gloves (worn)
 l - a +0 buckler (worn)
Wands
 d - a wand of polymorph (4)
Scrolls
 e - 2 scrolls of teleportation {unknown}
 f - a scroll of identify {unknown}
Potions
 h - a potion of might {unknown}
 j - a potion of curing {unknown}


   Skills:
 + Level 0.9 Fighting
 + Level 0.9 Short Blades
 + Level 0.9 Long Blades
 + Level 0.9 Axes
 + Level 0.9 Maces & Flails
 + Level 0.9 Polearms
 + Level 0.9 Staves
 + Level 0.9 Slings
 + Level 0.9 Bows
 + Level 0.9 Crossbows
 + Level 0.9 Throwing
 + Level 0.9 Armour
 + Level 4.5 Dodging
 + Level 0.9 Stealth
 + Level 0.9 Shields
 + Level 0.9 Unarmed Combat
 + Level 7.1 Spellcasting
 + Level 0.6 Conjurations
 + Level 0.6 Hexes
 + Level 0.6 Summonings
 + Level 0.6 Necromancy
 + Level 0.6 Translocations
 + Level 0.6 Transmutations
 + Level 3.8 Fire Magic
 + Level 0.6 Ice Magic
 + Level 0.6 Air Magic
 + Level 0.6 Earth Magic
 + Level 0.6 Poison Magic
 + Level 1.0 Invocations
 + Level 4.5 Evocations


You had 15 spell levels left.
You knew the following spells:

 Your Spells              Type           Power      Damage    Failure   Level
a - Summon Small Mammal   Summ           16%        N/A       26%         1

Your spell library contained the following spells:

 Spells                   Type           Power      Damage    Failure   Level
 Foxfire                  Conj/Fire      28%        2x1d5     13%         1
 Apportation              Tloc           8%         N/A       26%         1
 Magic Dart               Conj           16%        1d3       26%         1
 Sandblast                Erth           8%         2d5       26%         1
 Call Imp                 Summ           4%         N/A       36%         2
 Conjure Flame            Conj/Fire      7%         6-21      36%         3
 Mephitic Cloud           Conj/Pois/Air  4%         N/A       58%         3


Dungeon Overview and Level Annotations

Branches:
Dungeon (2/15)

Altars:


Innate Abilities, Weirdness & Mutations

You have very sharp teeth.
Your uncanny sense of smell can sniff out nearby items.
Your experience applies equally to all skills.


Message History

The ball python constricts you. You block the goblin's attack.
The worm barely misses you.
You closely miss the ball python. The ball python bites you.
The ball python constricts you. The goblin hits you but does no damage.
The ball python bites you but does no damage.
The ball python constricts you.
You closely miss the ball python.
You bite the ball python, but do no damage.
The goblin barely misses you.
The ball python bites you but does no damage.
The ball python constricts you. You block the worm's attack.
The goblin barely misses you.
You hit the ball python.
You kill the ball python!
The worm closely misses you. The goblin hits you with a +0 dagger.
You hit the worm but do no damage.
The worm is lightly wounded.
The goblin hits you with a +0 dagger. You block the worm's attack.
You hit the worm but do no damage. The goblin closely misses you.
The worm bites you! The goblin hits you with a +0 dagger.
You are too injured to fight recklessly!
You are too injured to fight recklessly!
You are too injured to fight recklessly!
You are too injured to fight recklessly!
You are too injured to fight recklessly!
You are too injured to fight recklessly!
You are too injured to fight recklessly!
You hit the worm.
The worm is lightly wounded.
The goblin hits you with a +0 dagger.
You hit the worm.
The worm is lightly wounded.
The worm bites you but does no damage. The goblin hits you but does no damage.
You barely miss the worm.
The worm is lightly wounded.
The goblin barely misses you. The worm misses you.
You hit the worm but do no damage.
The worm is lightly wounded.
The goblin misses you. The worm bites you!
You die...

..#8.8#......# #.#
###...###8...# #.#
'..._...'..#.# #.#
###...###8.#.# #.#
..#8.8#....#.# #.#
#.#####.####.# #.#
#.......####.#####.# #########
###..####......w†#.# #........
#.## #.##.###@#.# #.#######
#.#####.##.# #g#.# #≈≈≈≈≈≈≈≈≈
###.##.......# #.#.# #≈####≈≈≈≈
.......#####.# #.#.# #≈#⌠.#####
....##.# #.# #.#.# #≈#..+....
######.# #.# #.#.#####≈##'###'#
#.# #.# #.#......≈≈#.#....
####.#####^###.######.≈≈#.#..#.
#...............# ##..≈≈#.#..#.


You could see a worm and a goblin.

Vanquished Creatures
  A dart slug (D:1)
  2 ball pythons (D:1)
  3 endoplasms (D:1)
  A giant cockroach (D:1)
  2 goblins (D:1)
  5 hobgoblins (D:1)
  5 jackals (D:1)
  3 quokkas (D:1)
  2 bats (D:1)
  A frilled lizard (D:1)
  A kobold (D:1)
  2 rats (D:1)
28 creatures vanquished.

Vanquished Creatures (collateral kills)
  A hobgoblin (D:1)
  2 jackals (D:1)
  A bat (D:1)
  A kobold (D:1)
  2 rats (D:1)
7 creatures vanquished.

Grand Total: 35 creatures vanquished

Notes
Turn   | Place    | Note
-------+----------+-------------------------------------------
     0 | D:1      | jimonade the Gnoll Wanderer began the quest for the Orb.
     0 | D:1      | jimonade set off with the following items: a +0 club, 30
                  | stones, a +0 leather armour, a wand of polymorph (4); and
                  | the following spells available to memorise: Foxfire,
                  | Apportation, Sandblast, Summon Small Mammal, Conjure Flame
     0 | D:1      | Reached XP level 1. HP: 13/13 MP: 8/8
     2 | D:1      | Learned a level 1 spell: Summon Small Mammal
   413 | D:1      | Reached XP level 2. HP: 14/19 MP: 7/10
   436 | D:1      | HP: 1/20 [quokka (1)]
   964 | D:1      | HP: 1/20 [jackal (2)]
  1350 | D:1      | Found a faded altar of an unknown god.
  1426 | D:1      | Reached XP level 3. HP: 9/25 MP: 11/11
  2679 | D:1      | Reached skill level 1 in Invocations
  3572 | D:1      | Slain by a worm

Illustrated notes

Levels and vault maps discovered:
D:1:      heliophobic_arrival_glass_houses, layout_loops_ring,
          dreamdust_ecumenical_altar_angels_and_demons, minmay_liquid_box
D:2:      layout_rooms

Skill      XL: |  1  2  3 |
---------------+----------+-----
Invocations    | 1 |  1.0
Fighting       | |  0.9
Short Blades   | |  0.9
Long Blades    | |  0.9
Axes           | |  0.9
Maces & Flails | |  0.9
Polearms       | |  0.9
Staves         | |  0.9
Slings         | |  0.9
Bows           | |  0.9
Crossbows      | |  0.9
Throwing       | |  0.9
Armour         | |  0.9
Dodging        | |  4.5
Stealth        | |  0.9
Shields        | |  0.9
Unarmed Combat | |  0.9
Spellcasting   | |  7.1
Conjurations   | |  0.6
Hexes          | |  0.6
Summonings     | |  0.6
Necromancy     | |  0.6
Translocations | |  0.6
Transmutations | |  0.6
Fire Magic     | |  3.8
Ice Magic      | |  0.6
Air Magic      | |  0.6
Earth Magic    | |  0.6
Poison Magic   | |  0.6
Evocations     | |  4.5

Action                   || total
-------------------------++-------
Melee: Club              ||   211
       Bite              ||    18
       Punch             ||     3
Throw: Stone             ||     3
 Cast: Summon Small Mamm ||    19
 Stab: Distracted        ||     1
       Sleeping          ||     1
Armor: Leather armour    ||    87
Dodge: Dodged            ||   231
Block: Buckler           ||     5
